 Dungeon Crawl Stone Soup version 0.24-a0-416-g56ce5178b7 (webtiles) character file.

Game seed: 11406440014582119277

982 KristoblXynda the Ruffian (level 7, 0/59 HPs)
             Began as a Troll Wizard on June 9, 2019.
             Was an Initiate of Ashenzari.
             Shot with an arrow by a centaur (7 damage)
             ... on level 5 of the Dungeon.
             The game lasted 00:10:59 (4511 turns).

KristoblXynda the Ruffian (Troll Wizard)            Turns: 4511, Time: 00:10:59

Health: 0/59       AC:  7    Str: 16    XL:     7   Next: 96%
Magic:  9/9        EV:  9    Int: 16    God:    Ashenzari [......]
Gold:   312        SH:  0    Dex:  8    Spells: 3/10 levels left

rFire    . . .     SeeInvis .     - Unarmed
rCold    . . .     Gourm    +   (no shield)
rNeg     . . .     Faith    .   a - +0 robe
rPois    .         Spirit   .   b - +0 hat
rElec    .         Reflect  .   h - +0 cloak
rCorr    .         Harm     .   (gloves unavailable)
MR       .....                  (boots unavailable)
Stlth    +.........             (no amulet)
HPRegen  0.59/turn              p - ring of flight
MPRegen  0.11/turn              (no ring)

@: no status effects
A: large, unfitting armour, claws 3, fast metabolism 3, gourmand, regeneration
1, shaggy fur 1, tough skin 3
a: Curse Item, Renounce Religion, Evoke Flight


You were on level 5 of the Dungeon.
You worshipped Ashenzari.
Ashenzari was noncommittal.
You were very full.

You visited 2 branches of the dungeon, and saw 6 of its levels.
You also visited: Sewer.

You collected 312 gold pieces.

Inventory:

Armour
 a - a +0 robe (worn)
 b - a +0 hat (worn)
 h - a +0 cloak (worn)
Jewellery
 p - a ring of flight (left claw)
Scrolls
 g - 6 scrolls of teleportation
 j - a scroll of brand weapon {unknown}
 l - a scroll of blinking
 m - 4 scrolls of remove curse
 n - 3 scrolls of immolation {unknown}
 t - a scroll of amnesia {unknown}
Potions
 c - 2 potions of curing
 e - 4 potions of flight
 f - a potion of mutation {unknown}
 i - 4 potions of heal wounds
 k - a potion of lignification {unknown}
 o - a potion of berserk rage {unknown}
 r - a potion of might {unknown}
 s - a potion of brilliance {unknown}
Comestibles
 d - 11 rations


   Skills:
 - Level 1.5 Dodging
 - Level 1.0 Stealth
 + Level 6.3 Unarmed Combat
 - Level 2.0 Spellcasting
 + Level 4.9 Conjurations
   Level 0.6 Summonings
   Level 0.6 Translocations


You had 3 spell levels left.
You knew the following spells:

 Your Spells              Type           Power        Failure   Level  Hunger
a - Magic Dart            Conj           ###.         2%          1    #......
b - Mephitic Cloud        Conj/Pois/Air  #.......     32%         3    ###....
c - Conjure Flame         Conj/Fire      #.......     22%         3    ###....

Your spell library contained the following spells:

 Spells                   Type           Power        Failure   Level  Hunger
 Blink                    Tloc           N/A          24%         2    ###....
 Call Imp                 Summ           #.......     24%         2    ###....
 Slow                     Hex            #.......     30%         2    ###....


Dungeon Overview and Level Annotations

Branches:
Dungeon (5/15)             Temple (1/1) D:4

Altars:
Ashenzari
Cheibriados
Elyvilon
Gozag
Hepliaklqana
Kikubaaqudgha
Makhleb
Nemelex Xobeh
Okawaru
Ru
Sif Muna
Trog
Uskayaw
Vehumet
Wu Jian
Xom
Yredelemnul
Zin
The Shining One


Innate Abilities, Weirdness & Mutations

You are too large for most types of armour.
You have claws for hands.
Your metabolism is lightning-fast.
You like to eat raw meat.
Your natural rate of healing is unusually fast.
You are covered in fur. (AC +1)
You have extremely tough skin. (AC +3)


Message History

You scratch the centaur but do no damage.
The hound bites you.
* * * LOW HITPOINT WARNING * * *
The orc hits you but does no damage. The centaur hits you.
* * * LOW HITPOINT WARNING * * *
The orc hits you but does no damage. The hound barely misses you.
Unknown command.
You scratch the centaur.
The centaur is lightly wounded.
The centaur closely misses you. The hound bites you.
* * * LOW HITPOINT WARNING * * *
The orc closely misses you. The orc barely misses you.
Unknown command.
The hound pauses to sniff the ground.
The centaur hits you.
* * * LOW HITPOINT WARNING * * *
The hound barely misses you. The orc barely misses you.
The centaur wields a +0 shortbow.
The centaur shoots an arrow.
The arrow hits you!
You die...

.......)# .... .......#
..... ......# #...
.....#####. #...
#........... #...
#............###..
#oo..............
##oc..............
#@.h..............
#.................
#######.................
#..........(............
#.......(...............
#.......(........##.....
#.............### ######
#.............##########
#.......................


You could see a centaur, a hound and 3 orcs.

Vanquished Creatures
  An ogre (D:5)
  A big kobold (Sewer)
  A scorpion (D:2)
  4 crimson imps (D:5)
  A bullfrog zombie (D:5)
  A hound (D:4)
  A centaur skeleton (D:5)
  3 orc priests (D:3)
  Crazy Yiuf (D:2)
  2 orc wizards
  2 worker ants
  Robin (D:2)
  7 gnolls (D:4)
  10 adders
  A river rat (Sewer)
  3 worms (D:2)
  A dart slug (D:1)
  12 leopard geckos
  9 orcs
  10 giant cockroaches
  9 hobgoblins
  9 jackals
  2 quokkas
  3 ball pythons
  12 bats
  4 frilled lizards
  13 goblins
  12 kobolds
  11 rats
147 creatures vanquished.

Notes
Turn   | Place    | Note
-------+----------+-------------------------------------------
     0 | D:1      | KristoblXynda the Troll Wizard began the quest for the Orb.
     0 | D:1      | Reached XP level 1. HP: 16/16 MP: 2/2
   165 | D:1      | Reached skill level 1 in Conjurations
   226 | D:1      | Reached skill level 1 in Unarmed Combat
   235 | D:1      | Reached XP level 2. HP: 24/24 MP: 4/4
   717 | D:2      | Reached skill level 2 in Unarmed Combat
   717 | D:2      | Reached XP level 3. HP: 31/31 MP: 5/5
   858 | D:2      | Noticed Robin
   912 | D:2      | Killed Robin
   912 | D:2      | Reached XP level 4. HP: 17/39 MP: 6/6
  1196 | D:2      | Reached skill level 3 in Unarmed Combat
  1196 | D:2      | Reached XP level 5. HP: 31/45 MP: 7/7
  1357 | D:2      | Found a runed translucent door.
  1358 | D:2      | Noticed Crazy Yiuf
  1392 | D:2      | Found an iron altar of Okawaru.
  1754 | D:2      | Killed Crazy Yiuf
  1876 | D:3      | Reached skill level 4 in Unarmed Combat
  1876 | D:3      | Reached XP level 6. HP: 30/53 MP: 8/8
  2558 | D:4      | Found a staircase to the Ecumenical Temple.
  2567 | Temple   | Entered the Ecumenical Temple
  2582 | Temple   | Became a worshipper of Ashenzari the Shackled
  2768 | D:4      | Found a glowing drain.
  2788 | Sewer    | Entered a sewer
  3002 | Sewer    | Reached skill level 5 in Unarmed Combat
  3002 | Sewer    | Reached XP level 7. HP: 49/59 MP: 9/9
  3023 | Sewer    | Found a white marble altar of Elyvilon.
  4008 | D:5      | Entered Level 5 of the Dungeon
  4183 | D:5      | Learned a level 3 spell: Mephitic Cloud
  4187 | D:5      | Learned a level 3 spell: Conjure Flame
  4201 | D:5      | Found an opulent altar of Gozag.
  4250 | D:5      | Reached skill level 6 in Unarmed Combat
  4511 | D:5      | Shot with an arrow by a centaur

Levels and vault maps discovered:
D:1:      scummos_arrival_star, layout_loops_ring
D:2:      layout_loops_ring, okawaru_gym_becter, first_ration,
          uniq_crazy_yiuf_cottage, uniq_robin
D:3:      minmay_door_path, layout_rooms
D:4:      layout_basic, minmay_temple_entry_grid, gup_sewer_entry_pipe
D:5:      layout_basic, nicolae_gozag_cash_rules_everything_around_me
Temple:   compressed_dpeg_circular_temple

Skill      XL: |  1  2  3  4  5  6  7 |
---------------+----------------------+-----
Conjurations   | 1 2 3 4 |  4.9
Unarmed Combat | 1 2 3 4 5 6 |  6.3
Dodging        | |  1.5
Stealth        | |  1.0
Spellcasting   | |  2.0
Summonings     | |  0.6
Translocations | |  0.6

Action                   |  1- 3 |  4- 6 |  7- 9 || total
-------------------------+-------+-------+-------++-------
Melee: Unarmed           |   100 |   271 |   121 ||   492
       Punch             |       |     3 |     1 ||     4
  Use: Potion            |       |     1 |       ||     1
       Scroll            |       |     5 |     1 ||     6
 Stab: Sleeping          |     1 |     2 |     1 ||     4
  Eat: Chunk             |    12 |    19 |    16 ||    47
Armor: Robe              |    53 |   187 |    44 ||   284
Dodge: Dodged            |    73 |   169 |    63 ||   305

Table legend:
 A = Non-vault XP
 B = Vault XP
 C = Vault XP percentage of total XP
 D = Non-vault monster count
 E = Vault monster count
 F = Vault count percentage of total count
                 A         B        C        D         E       F
            +---------+---------+-------+---------+---------+-------
      Total |    1168 |     235 |  16.7 |     114 |      33 |  22.4
            +---------+---------+-------+---------+---------+-------
        D:1 |      34 |       0 |   0.0 |      24 |       0 |   0.0
        D:2 |     191 |      74 |  27.9 |      34 |      12 |  26.1
        D:3 |     233 |      16 |   6.4 |      21 |       2 |   8.7
        D:4 |     226 |      24 |   9.6 |      16 |       9 |  36.0
        D:5 |     484 |       0 |   0.0 |      19 |       0 |   0.0
      Sewer |       0 |     121 | 100.0 |       0 |      10 | 100.0
            +---------+---------+-------+---------+---------+-------
